 Dungeon Crawl Stone Soup version 0.18-a0-1730-g73f0523 (webtiles) character file.

13 M4edhros the Sneak (level 2, 0/18 HPs)
             Began as an Octopode Artificer on Apr 10, 2016.
             Slain by a kobold
             ... wielding a +0 short sword
              (2 damage)
             ... on level 1 of the Dungeon.
             The game lasted 00:00:19 (236 turns).

M4edhros the Sneak (Octopode Artificer)              Turns: 236, Time: 00:00:20

Health: 0/18       AC:  1    Str: 10    XL:     2   Next: 37%
Magic:  4/4        EV: 12    Int: 14    God:
Gold:   15         SH:  0    Dex: 12    Spells: 0 memorised, 1 level left

rFire  . . .     SeeInvis .     a - +0 short sword
rCold  . . .     Gourm    .     (no shield)
rNeg   . . .     Faith    .     (helmet restricted)
rPois  .         Spirit   .     (no amulet)
rElec  .         Dismiss  .     (no ring)
rCorr  .         Reflect  .     (no ring)
SustAt .         Harm     .     (no ring)
MR     +....     Rnd*Rage +     (no ring)
Stlth  +++.......               (no ring)
                                (no ring)
                                (no ring)
                                (no ring)

@: somewhat resistant to hostile enchantments, fairly stealthy
A: almost no armour, amphibious, 8 rings, constrict 8, tentacle spike 1,
camouflage 1, berserk 1, magic resistance 1, gelatinous body 1
a: no special abilities


You were on level 1 of the Dungeon.
You were not hungry.

You visited 1 branch of the dungeon, and saw 1 of its levels.

You collected 15 gold pieces.

Inventory:

Hand Weapons
 a - a +0 short sword (weapon)
Wands
 b - a wand of flame (14/48)
 c - a wand of enslavement (15/24)
 d - a wand of random effects (15/48)
Comestibles
 f - a bread ration


   Skills:
 - Level 1.0 Fighting
 - Level 1.0 Short Blades
 - Level 2.0 Dodging
 + Level 3.4 Stealth
 - Level 3.2 Evocations


You had one spell level left.
You didn't know any spells.

Dungeon Overview and Level Annotations

Branches:
Dungeon (1/15)

Altars:


Innate Abilities, Weirdness & Mutations

You cannot wear most types of armour.
You are amphibious.
You can wear up to eight rings at the same time.
You can use your tentacles to constrict eight enemies at once.
Your skin changes colour to match your surroundings (Stealth).
Your rubbery body absorbs attacks (AC +1).
One of your tentacles bears a spike.
You tend to lose your temper in combat.
You are resistant to hostile enchantments.


Message History

You hit the kobold but do no damage. Your grab misses the kobold.
The kobold hits you with a short sword.
A kobold is nearby!
You closely miss the kobold. Your grab misses the kobold.
The kobold hits you with a short sword.
* * * LOW HITPOINT WARNING * * *
A kobold is nearby!
You are too injured to fight recklessly!
A kobold is nearby!
You are too injured to fight recklessly!
A kobold is nearby!
Evoke which item? (* to show all) (? for menu, Esc to quit)
Zapping:
b - a wand of flame (15/48)
Press: ? - help, Shift-Dir - straight line, f - kobold
Aim: a kobold, wielding a short sword The puff of flame misses the kobold.
This wand has 14 charges left.
The kobold misses you.
You closely miss the kobold. Your grab misses the kobold.
Your squeeze misses the kobold. The kobold hits you with a short sword.
You die...

####..#..# #.....#.# #...†...#
############...#...#
#.........##..)#.#.#
#.........##...#...#
#.........##...#####.# #####
+.......K.##.........#
.....#+#....$.@..##.#.........
#...............##.##########
#...............##.#......#
#.....(((.......##.######.#
#......#######+#........#.#
#......# #.#.#..#.#.# ###+#'##
#.#....#.#.# #.# # #....#.#.#
#.# #....#.#.#


You could see a kobold.

Vanquished Creatures
  A ball python (D:1)
  A bat (D:1)
  A hobgoblin (D:1)
  3 jackals (D:1)
  2 kobolds (D:1)
  2 giant newts (D:1)
  2 rats (D:1)
12 creatures vanquished.

Notes
Turn   | Place    | Note
--------------------------------------------------------------
     0 | D:1      | M4edhros the Octopode Artificer began the quest for the Orb.
     0 | D:1      | Reached XP level 1. HP: 13/13 MP: 3/3
    66 | D:1      | Gained mutation: One of your tentacles bears a spike. [potion of mutation]
    66 | D:1      | Gained mutation: You are resistant to hostile enchantments. [potion of mutation]
    66 | D:1      | Gained mutation: You tend to lose your temper in combat. [potion of mutation]
   156 | D:1      | Reached XP level 2. HP: 18/18 MP: 4/4
   236 | D:1      | Slain by a kobold

Vault maps used:
D:1:      tarquinn_simple_flora_water_e

Skill      XL: |  1 |
---------------+----+-----
Stealth        | 3 |  3.4
Fighting       | |  1.0
Short Blades   | |  1.0
Dodging        | |  2.0
Evocations     | |  3.2

Action                   || total
-------------------------++-------
Melee: Short sword       ||    22
Evoke: Wand              ||     1
  Use: Potion            ||     1
 Stab: Sleeping          ||     3
